 Dungeon Crawl Stone Soup version 0.28.0-43-g3370ac3207 (webtiles) character file.

Game seed: 17669598204969835180

5 Hatoko69 the Grasshopper (level 1, 0/17 HPs)
             Began as a Draconian Warper on Mar 16, 2022.
             Succumbed to a goblin's poison
             ... on level 1 of the Dungeon.
             The game lasted 00:01:39 (196 turns).

Hatoko69 the Grasshopper (Draconian Warper)          Turns: 196, Time: 00:01:39

Health: 0/17       AC:  4    Str: 13    XL:     1   Next: 66%
Magic:  3/3        EV: 12    Int: 13    God:
Gold:   6          SH:  0    Dex: 10    Spells: 4/4 levels left

rFire   + . .      SeeInvis .   a - +0 falchion
rCold   . . .      Faith    .   (no shield)
rNeg    . . .      Spirit   .   (armour unavailable)
rPois   .          Reflect  .   (helmet restricted)
rElec   .          Harm     .   (no cloak)
rCorr   .          Rampage  .   (no gloves)
Will    .....                   (no boots)
Stlth   +.........              (no amulet)
HPRegen 0.05/turn               d - ring of protection from fire
MPRegen 0.08/turn               (no ring)

@: lethally poisoned (0 -> -2)
A: AC +4, unfitting armour, cold-blooded
a: no special abilities


You were on level 1 of the Dungeon.
You visited 1 branch of the dungeon, and saw 1 of its levels.

You collected 6 gold pieces.

Inventory:

Hand Weapons
 a - a +0 falchion (weapon)
Missiles
 c - 5 boomerangs of dispersal (quivered)
Jewellery
 d - a ring of protection from fire (left hand)
Scrolls
 b - a scroll of blinking
 e - a scroll of identify {unknown}


   Skills:
 + Level 2.1 Fighting
 + Level 2.0 Long Blades
 + Level 0.8 Throwing
 + Level 2.3 Dodging
 + Level 2.0 Spellcasting
 + Level 3.2 Translocations


You had 4 spell levels left.
You didn't know any spells.
Your spell library contained the following spells:

 Spells                   Type           Power      Damage    Failure   Level
 Blink                    Tloc           18%        N/A       11%         2
 Gell's Gravitas          Tloc           9%         N/A       21%         3
 Lesser Beckoning         Tloc           9%         N/A       21%         3
 Teleport Other           Tloc           9%         N/A       21%         3
 Manifold Assault         Tloc           9%         N/A       88%         5


Dungeon Overview and Level Annotations

Branches:
Dungeon (1/15)

Altars:


Innate Abilities, Weirdness & Mutations

Your plain brown scales are hard. (AC +4)
You cannot fit into any form of body armour.
You are cold-blooded and may be slowed by cold attacks.


Message History

e - a scroll labelled LIUVVIULYZ
There is an empty arch of ancient stone here.
You see here a bat corpse.
A bat comes into view.
A bat is nearby!
A bat is nearby!
Found a stone staircase leading down.
A bat is nearby!
You hit the bat.
You kill the bat!
You see here a bat corpse.
d - a ring of protection from fire (left hand)
You see here a bat corpse.
You see here a bat corpse.
A dart slug, a frilled lizard, a hobgoblin and a goblin come into view.
The goblin is wielding a +2 dagger of venom.
The frilled lizard hisses angrily.
The hobgoblin shouts!
You closely miss the goblin.
The goblin hits you with a +2 dagger of venom. x2
You closely miss the goblin.
The goblin hits you with a +2 dagger of venom.
You are poisoned.
You slash the goblin!
You kill the goblin!
You feel very sick. The frilled lizard bites you.
You barely miss the frilled lizard.
* * * LOW HITPOINT WARNING * * *
You feel sick. The frilled lizard misses you.
You barely miss the frilled lizard.
* * * LOW HITPOINT WARNING * * *
You feel sick. The frilled lizard closely misses you.
You slash the frilled lizard!
You kill the frilled lizard!
* * * LOW HITPOINT WARNING * * *
You feel sick.
The hobgoblin hits you but does no damage.
You slash the hobgoblin!
You kill the hobgoblin!
You die...

# ### .. ##<## ...
###...### ######....
#...≈...# ....g....
#.8.≈.8.# ###...w....
#...≈...# #w..#######
#.♣.≈.♣.# #)###.....#
#...≈...# #@# #.....#
#.8.≈.8.#####.###.....#
#...≈...#.............#
#.♣.≈.♣.#####.###.....#
.
#...≈...#.......#######
.. #.8.≈.8.#.......#
...#...≈...#.......#
...###...###.....>.#
#....##†#####..#####


You could see a dart slug.

Vanquished Creatures
  A ball python (D:1)
  A hobgoblin (D:1)
  2 bats (D:1)
  A frilled lizard (D:1)
  A goblin (D:1)
  A rat (D:1)
7 creatures vanquished.

Notes
Turn   | Place    | Note
-------+----------+-------------------------------------------
     0 | D:1      | Hatoko69 the Draconian Warper began the quest for the Orb.
     0 | D:1      | Reached XP level 1. HP: 17/17 MP: 3/3
   196 | D:1      | Succumbed to a goblin's poison

Illustrated notes

Levels and vault maps discovered:
D:1:      mainiacjoe_arrival_reflecting_pool, layout_rooms,
          serial_co_window_serial, co_window_paths_b, co_window_corner_a,
          co_window_of_opportunity_a, co_window_corner_a, co_window_corner_a,
          co_window_2corner, co_window_2corner, co_window_broadway_b,
          co_window_of_opportunity_c, glass_columns_c, glass_columns_a,
          minmay_crystal_water

Action                   || total
-------------------------++-------
Melee: Falchion          ||    13
       Tailslap          ||     1
Armor: Skin              ||     1
Dodge: Dodged            ||     7
